 Dungeon Crawl Stone Soup version 0.30-b1-5-g8e6c1be481 (webtiles) character file.

Game seed: 1421362164758418555

11601 Cheops the Brawler (level 11, 0/84 HPs)
             Began as a Ghoul Monk on May 4, 2023.
             Was a High Priest of Wu Jian.
             Slain by a boulder beetle (2 damage)
             ... on level 11 of the Dungeon.
             The game lasted 00:38:50 (12593 turns).

Cheops the Brawler (Ghoul Monk)                    Turns: 12593, Time: 00:38:50

Health: 0/84       AC: 11    Str: 20    XL:     11   Next: 80%
Magic:  0/10       EV: 14    Int:  5    God:    Wu Jian [*****.]
Gold:   431        SH:  0    Dex: 17    Spells: 10/10 levels left

rFire   . .          .
                       - Unarmed
rCold   + . .        c - orb {light}
rNeg    + + +        O - +0 acid dragon scales
rPois   ∞            P - +1 hat
rElec   .            n - +0 cloak
rCorr   +            (no gloves)
SInv    .            j - +0 pair of boots
Will    +....        E - amulet of guardian spirit
Stlth   +            d - ring of willpower
HPRegen 0.00/turn    h - +6 ring of dexterity
MPRegen 0.12/turn

%: guardian spirit
@: about to teleport, inhibited regen, glowing, studying Evocations
A: claws 1, cold resistance 1, negative energy resistance 3, inhibited
regeneration, torment resistance 2, devour on kill
a: Renounce Religion, Wall Jump, Serpent's Lash, Heavenly Storm


You were on level 11 of the Dungeon.
You worshipped Wu Jian.
Wu Jian was extremely pleased with you.
You visited 2 branches of the dungeon, and saw 12 of its levels.

You collected 431 gold pieces.

Inventory:

Armour
 c - an orb of light (worn)
 j - a +0 pair of boots (worn)
 n - a +0 cloak (worn)
 r - a +0 leather armour
 A - a +0 ring mail
 B - a +0 scale mail
 C - a +0 chain mail
 L - a +2 robe of fire resistance
 O - +0 acid dragon scales (worn)
 P - a +1 hat (worn)
Jewellery
 d - a ring of willpower (left claw)
 h - a +6 ring of dexterity (right claw)
 E - an amulet of guardian spirit (around neck)
Wands
 k - a wand of flame (26)
 s - a wand of charming (6)
 G - a wand of roots (13)
 I - a wand of digging (6)
 N - a wand of quicksilver (9)
Scrolls
 a - 3 scrolls of blinking {unknown}
 g - 2 scrolls of brand weapon {unknown}
 l - 2 scrolls of enchant weapon {unknown}
 m - a scroll of teleportation
 q - 5 scrolls of magic mapping {unknown}
 u - 2 scrolls of fear {unknown}
 v - a scroll of summoning {unknown}
 x - 2 scrolls of vulnerability {unknown}
 y - 2 scrolls of enchant armour {unknown}
 z - 2 scrolls of immolation {unknown}
 D - a scroll of torment {unknown}
 F - 3 scrolls of amnesia {unknown}
 J - 3 scrolls of poison {unknown}
 Q - a scroll of noise {unknown}
Potions
 b - 4 potions of ambrosia
 e - 2 potions of heal wounds {unknown}
 f - 2 potions of flight {unknown}
 i - 2 potions of brilliance
 o - a potion of degeneration {unknown}
 p - a potion of resistance
 t - 3 potions of curing {unknown}
 w - a potion of invisibility
 H - a potion of might
 K - a potion of lignification
 M - 2 potions of magic {unknown}


   Skills:
 - Level 4.0 Fighting
 - Level 7.0 Armour
 - Level 5.0 Dodging
 * Level 16.9 Unarmed Combat
 + Level 4.6 Evocations


You had 10 spell levels left.
You didn't know any spells.
Your spell library contained the following spells:

 Spells                   Type           Power      Damage    Failure   Level
 Cigotuvi's Dreadful Rot  Necr/Pois/Air  0%         N/A       69%         2
 Gell's Gravitas          Tloc           0%         N/A       89%         3
 Ignite Poison            Fire/Tmut/Pois 0%         N/A       89%         3
 Stone Arrow              Conj/Erth      0%         3d7       89%         3
 Teleport Other           Tloc           0%         N/A       89%         3
 Animate Armour           Summ/Erth      0%         N/A       100%        4
 Freezing Cloud           Conj/Ice/Air   0%         6-21      100%        5
 Dispersal                Tloc           0%         N/A       100%        6
 Lehudib's Crystal Spear  Conj/Erth      0%         10d2      100%        8
 Chain Lightning          Conj/Air       0%         N/A       100%        9
 Fire Storm               Conj/Fire      0%         5d1       100%        9
 Shatter                  Erth           0%         3d5*      100%        9


Dungeon Overview and Level Annotations

Branches:
Dungeon (11/15)            Temple (1/1) D:4            Lair (0/5) D:9
    Orc (0/2) D:9

Altars:
Ashenzari
Cheibriados
Dithmenos
Fedhas
Gozag
Hepliaklqana
Kikubaaqudgha
Makhleb
Nemelex Xobeh
Okawaru
Qazlal
Ru
Sif Muna
Trog
Uskayaw
Vehumet
Wu Jian
Xom
Yredelemnul

Shops:
D:1 (   D:2 :(   D:8 *

Annotations:
D:7 2 transporters, Silvore's ghost, novice MiFi


Innate Abilities, Weirdness & Mutations

You are immune to poison.
You have sharp fingernails.
Your flesh is cold resistant. (rC+)
You are immune to negative energy. (rN+++)
You do not regenerate when monsters are visible.
You are immune to unholy pain and torment.
You thrive by killing the living.


Message History

You scratch the boulder beetle but do no damage.
The boulder beetle is heavily wounded.
The boulder beetle bites you!
You scratch the boulder beetle.
The boulder beetle is heavily wounded.
The boulder beetle bites you but does no damage.
You scratch the boulder beetle but do no damage.
The boulder beetle is heavily wounded.
You claw the boulder beetle!
The boulder beetle is severely wounded.
The boulder beetle bites you!!
You scratch the boulder beetle.
The boulder beetle is severely wounded.
The boulder beetle leaps!
Found a ring mail.
The boulder beetle leaps!
You lunge at the boulder beetle, in a flurry of attacks.
You scratch the boulder beetle but do no damage.
The boulder beetle is severely wounded.
You completely miss the boulder beetle.
The boulder beetle is severely wounded.
The boulder beetle bites you!
* * * LOW HITPOINT WARNING * * *
Unknown command.
You scratch the boulder beetle.
The boulder beetle is severely wounded.
The boulder beetle bites you!
* * * LOW HITPOINT WARNING * * *
You scratch the boulder beetle.
The boulder beetle is severely wounded.
You completely miss the boulder beetle.
The boulder beetle is severely wounded.
The boulder beetle bites you!
* * * LOW HITPOINT WARNING * * *
Okay, then.
Okay, then.
Okay, then.
As you read the scroll of teleportation, it crumbles to dust.
You feel strangely unstable. The boulder beetle bites you.
You die...

###### ### #.@B.#
#...[.......#.#
#.###########.# ###
#.# #...B# ..# #.#
#.##.#
..####.########.##.#
..................>#
....##.....###..##.#
###.######.# #..##.#


You could see a boulder beetle.

Vanquished Creatures
  3 two-headed ogres
  3 death yaks (D:9)
  Pikel (D:8)
  A hornet (D:10)
  2 trolls (D:10)
  Grinder (D:3)
  Sigmund (D:3)
  2 shadows
  11 yaks
  A steam dragon (D:8)
  An acid dragon (D:8)
  A water moccasin (D:8)
  2 ice beasts
  7 orc warriors
  2 centaurs
  3 lemures (D:8)
  2 phantoms
  7 kobold brigands
  A bullfrog (D:6)
  A scorpion (D:6)
  7 wights (D:8)
  21 killer bees
  A troll zombie (D:9)
  6 howler monkeys
  4 hounds
  6 orc priests
  2 jellies (D:6)
  Natasha (thrice) (D:3)
  A gnoll bouda (D:8)
  2 iguanas (D:5)
  9 orc wizards
  Ijyb (D:3)
  A sleepcap (D:4)
  7 ogre zombies (D:9)
  9 gnolls
  5 adders
  A white imp (D:7)
  An ufetubus (D:6)
  A dart slug (D:1)
  29 orcs
  4 ball pythons
  5 endoplasms
  11 goblins
  8 hobgoblins
  37 kobolds
  6 quokkas
  7 bats
  7 frilled lizards
  A goblin skeleton (D:9)
  2 goblin zombies (D:9)
  A hobgoblin skeleton (D:9)
  3 hobgoblin zombies (D:9)
  3 orc skeletons (D:9)
  15 orc zombies (D:9)
  6 rats
286 creatures vanquished.

Vanquished Creatures (others)
  A wight (D:8)
  3 plants (D:5)
4 creatures vanquished.

Grand Total: 290 creatures vanquished

Notes
Turn   | Place    | Note
-------+----------+-------------------------------------------
     0 | D:1      | Cheops the Ghoul Monk began the quest for the Orb.
     0 | D:1      | Reached XP level 1. HP: 19/19 MP: 0/0
    25 | D:1      | Found Biffouph's Weapon Emporium.
    41 | D:1      | Found a faded altar of an unknown god.
    69 | D:1      | Reached XP level 2. HP: 21/26 MP: 1/1
   248 | D:1      | Reached skill level 4 in Unarmed Combat
   584 | D:2      | Reached XP level 3. HP: 31/31 MP: 2/2
   859 | D:2      | Found a sparkling altar of Nemelex Xobeh.
   930 | D:2      | Found Folikke's Vocational Training.
  1139 | D:2      | Found Qixessat's Antique Weapon Boutique.
  1232 | D:3      | Reached XP level 4. HP: 38/38 MP: 3/3
  1253 | D:3      | Noticed Natasha
  1263 | D:3      | Reached skill level 5 in Unarmed Combat
  1475 | D:3      | Noticed Grinder
  1562 | D:4      | Noticed a phantom
  1572 | D:4      | Killed a phantom
  1573 | D:4      | Reached XP level 5. HP: 42/45 MP: 4/4
  1584 | D:4      | Found a staircase to the Ecumenical Temple.
  1608 | D:4      | Reached skill level 6 in Unarmed Combat
  1608 | D:4      | Reached XP level 6. HP: 33/51 MP: 5/5
  2018 | D:4      | Found a sparkling altar of Nemelex Xobeh.
  2024 | D:4      | Found an iron altar of Okawaru.
  2342 | Temple   | Entered the Ecumenical Temple
  2606 | D:5      | Entered Level 5 of the Dungeon
  2830 | D:4      | HP: 1/51 [sleepcap (3)]
  3155 | D:5      | Reached skill level 7 in Unarmed Combat
  3155 | D:5      | Reached XP level 7. HP: 35/58 MP: 6/6
  4011 | D:6      | Reached skill level 8 in Unarmed Combat
  4055 | D:6      | Found an ornate altar of the Wu Jian Council.
  4073 | D:6      | Became a worshipper of the Wu Jian Council
  4073 | D:6      | Reached * piety under Wu Jian
  4073 | D:6      | Reached ** piety under Wu Jian
  4089 | D:6      | Found a radiant altar of Vehumet.
  4277 | D:6      | Reached XP level 8. HP: 52/66 MP: 7/7
  4747 | D:3      | Noticed Sigmund
  4827 | D:3      | Killed Natasha
  4828 | D:3      | Reached skill level 9 in Unarmed Combat
  4854 | D:3      | Paralysed by Grinder for 2 turns
  4873 | D:3      | Killed Grinder
  4874 | D:3      | Reached skill level 5 in Dodging
  4918 | D:3      | Noticed Ijyb
  4926 | D:3      | Killed Ijyb
  4947 | D:3      | Killed Sigmund
  4948 | D:3      | Reached skill level 10 in Unarmed Combat
  4950 | D:3      | Noticed Natasha
  4955 | D:3      | Killed Natasha
  4975 | D:3      | Noticed Natasha
  4983 | D:3      | Killed Natasha
  5320 | D:1      | Found a faded altar of an unknown god.
  5512 | D:1      | Found Biffouph's Weapon Emporium.
  5818 | D:2      | Found a sparkling altar of Nemelex Xobeh.
  5933 | D:2      | Found Folikke's Vocational Training.
  6002 | D:2      | Found Qixessat's Antique Weapon Boutique.
  6538 | D:4      | Found a staircase to the Ecumenical Temple.
  6653 | D:4      | Found an iron altar of Okawaru.
  6796 | D:4      | Found a sparkling altar of Nemelex Xobeh.
  7486 | D:6      | Found a radiant altar of Vehumet.
  7513 | D:6      | Found an ornate altar of the Wu Jian Council.
  8079 | D:7      | Reached skill level 11 in Unarmed Combat
  8172 | D:7      | Reached XP level 9. HP: 71/71 MP: 8/8
  8176 | D:7      | Reached skill level 1 in Armour
  8224 | D:7      | Found a transporter.
  8225 | D:7      | Noticed a green ugly thing
  8226 | D:7      | Noticed Silvore's ghost (novice MiFi)
  8356 | D:7      | Reached skill level 12 in Unarmed Combat
  8581 | D:7      | Found an iron altar of Okawaru.
  8634 | D:7      | Found a transporter.
  8756 | D:8      | Noticed Pikel
  8773 | D:8      | Killed Pikel
  8773 | D:8      | Reached *** piety under Wu Jian
  8876 | D:8      | Reached skill level 13 in Unarmed Combat
  9117 | D:8      | Reached XP level 10. HP: 69/78 MP: 6/9
  9246 | D:8      | Found Olonusku's Demolitions Depot.
  9491 | D:8      | Found a hide-covered altar of Uskayaw.
  9543 | D:8      | Reached skill level 14 in Unarmed Combat
  9744 | D:8      | Reached skill level 5 in Armour
 10047 | D:8      | Identified a scroll of acquirement
 10092 | D:9      | Reached **** piety under Wu Jian
 10370 | D:9      | Noticed a two-headed ogre
 10378 | D:9      | Killed a two-headed ogre
 10399 | D:9      | Reached skill level 15 in Unarmed Combat
 10434 | D:9      | Noticed a two-headed ogre
 10440 | D:9      | Noticed a death yak
 10444 | D:9      | Noticed a death yak
 10445 | D:9      | Killed a two-headed ogre
 10446 | D:9      | Reached XP level 11. HP: 48/84 MP: 6/10
 10581 | D:9      | Noticed a death yak
 10590 | D:9      | Killed a death yak
 10600 | D:9      | Killed a death yak
 10607 | D:9      | Killed a death yak
 10614 | D:9      | Acquired a manual of Evocations
 10715 | D:9      | Found a staircase to the Orcish Mines.
 10730 | D:9      | Reached skill level 16 in Unarmed Combat
 10737 | D:9      | Reached skill level 1 in Evocations
 10749 | D:9      | Reached ***** piety under Wu Jian
 10911 | D:9      | Found a staircase to the Lair.
 11541 | D:10     | Entered Level 10 of the Dungeon
 12019 | D:10     | Noticed a two-headed ogre
 12024 | D:10     | Killed a two-headed ogre
 12554 | D:11     | Noticed a boulder beetle
 12592 | D:11     | HP: 2/84 [boulder beetle (13)]
 12593 | D:11     | Slain by a boulder beetle

Illustrated notes

Levels and vault maps discovered:
D:1:      shiori_shiawase, layout_rooms, ebering_ecumenical_altar_webs,
          serial_shops, shop
D:2:      layout_loops_ring, basic_altar, serial_shops, nicolae_shop_trees,
          nicolae_shop_vocational
D:3:      layout_rooms, kennysheep_generic_room_7, uniq_sigmund, uniq_grinder,
          uniq_natasha, uniq_ijyb
D:4:      layout_basic, okawaru_metal_pillars_1_2, nemelex_altar_shiori,
          temple_pool_b
D:5:      layout_cave_pools, minmay_strange_pillars,
          amcnicky_mini_rare_corridor_liquid, minmay_lizard_king
D:6:      layout_basic, vehumet_crystals, lemuel_crystal_altar,
          chequers_serial_rivers_marsh, st_stairs_1
D:7:      layout_gridville, gammafunk_ghost_abyssal_escape,
          david_defended_altar_orc
D:8:      layout_cave_pods, nicolae_uskayaw_suspiria, nicolae_blasting_shop,
          uniq_pikel
D:9:      layout_stronghold, dpeg_lair_monsters, zombieorc2_lemuel, st_stairs_7
D:10:     layout_stronghold, nicolae_lava_and_water
D:11:     layout_basic
Temple:   minmay_temple_bridge_d

Skill      XL: |  1  2  3  4  5  6  7  8  9 10 11 |
---------------+----------------------------------+-----
Dodging        | 3 4 5 |  5.0
Unarmed Combat | 4 5 6 7 8 11 13 15 16 | 16.9
Fighting       | 4 |  4.0
Armour         | 4 6 7 |  7.0
Evocations     | 4 |  4.6

Action                     |  1- 3 |  4- 6 |  7- 9 | 10-12 || total
---------------------------+-------+-------+-------+-------++-------
  Melee: Unarmed           |    74 |    98 |   298 |   376 ||   846
 Invoke: Serpent's Lash    |       |       |       |     1 ||     1
Ability: Whirlwind         |       |       |    27 |    21 ||    48
         Lunge             |       |       |    12 |    24 ||    36
         Wall Jump         |       |       |    16 |    20 ||    36
  Evoke: Wand              |       |       |       |     1 ||     1
    Use: Scroll            |       |       |     1 |     9 ||    10
 Armour: Robe              |     7 |       |       |       ||     7
         Leather armour    |     2 |    23 |    14 |       ||    39
         Chain mail        |       |       |    22 |       ||    22
         Scale mail        |       |       |    33 |       ||    33
         Acid dragon scale |       |       |     2 |    63 ||    65
  Dodge: Dodged            |    40 |    93 |   130 |   159 ||   422
